 Dungeon Sprint DCSS version 0.21.1-1-g345015f (webtiles) character file.

9600000 Fang the Axe Maniac (level 27, -6/273 HPs)
             Began as a Minotaur Gladiator on June 8, 2018.
             Was the Champion of Makhleb.
             Killed by divine providence
             ... invoked by an accursed
              (12 damage)
             ... in the Dungeon (Sprint VIII: "Arena of Blood").
             The game lasted 00:01:24 (96 turns).

Fang the Axe Maniac (Minotaur Gladiator)              Turns: 96, Time: 00:01:25

Health: -6/273     AC:  6    Str: 29    XL:     27
Magic:  35/53      EV: 32    Int:  5    God:    Makhleb [******]
Gold:   0          SH:  0    Dex: 15    Spells: 80/80 levels left

rFire    . . .     SeeInvis .   l - +∞ Axe of Woe
rCold    . . .     Gourm    .   (shield currently unavailable)
rNeg     . . .     Faith    .   b - +0 leather armour
rPois    .         Spirit   .   c - +0 hat
rElec    .         Reflect  .   (no cloak)
rCorr    .         Harm     .   (no gloves)
MR       ++...     NoTele   +   (no boots)
Stlth    +++++++++.             (no amulet)
HPRegen  0.55/turn              (no ring)
MPRegen  0.33/turn              (no ring)

@: no status effects
A: retaliatory headbutt, horns 2
a: Minor Destruction, Lesser Servant of Makhleb, Major Destruction, Greater
Servant of Makhleb, Renounce Religion


You were in the Dungeon.
You worshipped Makhleb.
Makhleb was exalted by your worship.
You were not hungry.

You visited 1 branch

Inventory:

Hand Weapons
 a - a +0 war axe
 l - the +∞ Axe of Woe (weapon)
   (You found it in the Dungeon)
Missiles
 d - 3 throwing nets (quivered)
Armour
 b - a +0 leather armour (worn)
 c - a +0 hat (worn)
Scrolls
 k - a scroll of blinking
Potions
 e - a potion of curing
 h - a potion of haste
 i - 2 potions of magic
 j - a potion of berserk rage
Comestibles
 f - a ration


   Skills:
 O Level 27 Fighting
 O Level 27 Axes
 O Level 27 Throwing
 O Level 27 Armour
 O Level 27 Dodging
 O Level 27 Stealth
 O Level 27 Unarmed Combat
 O Level 27 Spellcasting
 O Level 27 Invocations


You had 80 spell levels left.
You didn't know any spells.

Dungeon Overview and Level Annotations

Branches:
Dungeon (1/1)

Altars:
Makhleb


Innate Abilities, Weirdness & Mutations

You reflexively headbutt those who attack you in melee.
You have a pair of horns on your head.


Message History

Your body is wracked with pain!
* * * LOW HITPOINT WARNING * * *
The bag of meat convulses!
The eight-headed meat hydra convulses!
You hear a shout! x2
The accursed points at you and mumbles some strange words.
Something smites you!
* * * LOW HITPOINT WARNING * * *
The dread hits you!
* * * LOW HITPOINT WARNING * * *
You hear a shout!
Something bites you but does no damage.
You hear a shout!
The tyrant shouts!
An orc, a greater mummy and a wraith come into view.
You feel much better.
The tyrant waves its bony arms in wide circles.
The air twists around and strikes you!
* * * LOW HITPOINT WARNING * * *
The accursed gestures at you while chanting.
Something smites you!
You die...

..... #.....#......
..%...#_)W._#....%.
......#)))).#......
#.....)))_)))......
......)%###))......
..%###%§)§x))###...
.. #%§)§o..# o.
..#.§§{)..#...M
......W@.V.....
.....%.W.......#
..............#.
............##..
..#.....M.%#....
D{..M.....#...
##.#.L..... ...
...W....... ..


You could see 3 accurseds, a tyrant, an eight-headed meat hydra, a destroyer, 3
dreads, 2 bags of meat and a crawling corpse.

Vanquished Creatures
  Sigmund (D)
  5 hell beasts (D)
  A greater mummy (D)
  2 wraiths (D)
  14 vampire knights (D)
  28 ogres (D)
  7 two-headed ogres (D)
  2 liches (D)
  53 orcs (D)
  A phantom (D)
  4 skeletal warriors (D)
  6 large abominations (D)
  10 small abominations (D)
  4 crawling corpses (D)
138 creatures vanquished.

Vanquished Creatures (others)
  3 crawling corpses (D)
3 creatures vanquished.

Grand Total: 141 creatures vanquished

Notes
Turn   | Place    | Note
-------+----------+-------------------------------------------
     0 | D        | Found the +∞ Axe of Woe
     0 | D        | Fang the Minotaur Gladiator began the quest for the Orb.
     0 | D        | Reached XP level 1. HP: 18/18 MP: 0/0
     4 | D        | Became a worshipper of Makhleb the Destroyer
     5 | D        | Noticed a bag of meat
     5 | D        | Noticed a bag of meat
     7 | D        | Killed a bag of meat
     7 | D        | Reached XP level 2. HP: 40/40 MP: 1/1
     7 | D        | Reached XP level 3. HP: 47/47 MP: 2/2
     7 | D        | Reached XP level 4. HP: 55/55 MP: 3/3
     7 | D        | Reached XP level 5. HP: 61/61 MP: 4/4
     7 | D        | Reached XP level 6. HP: 68/68 MP: 5/5
     7 | D        | Reached XP level 7. HP: 74/74 MP: 6/6
     7 | D        | Reached XP level 8. HP: 82/82 MP: 7/7
     7 | D        | Reached XP level 9. HP: 89/89 MP: 8/8
     7 | D        | Reached XP level 10. HP: 96/96 MP: 9/9
     7 | D        | Reached XP level 11. HP: 103/103 MP: 10/10
     8 | D        | Noticed a bag of meat
     8 | D        | Noticed a meat berserker
     8 | D        | Noticed a bag of meat
     9 | D        | Noticed a meat berserker
     9 | D        | Noticed a meat berserker
     9 | D        | Killed a bag of meat
     9 | D        | Reached * piety under Makhleb
     9 | D        | Reached XP level 12. HP: 100/115 MP: 11/11
     9 | D        | Killed a bag of meat
     9 | D        | Reached XP level 13. HP: 109/125 MP: 12/12
    10 | D        | Killed a bag of meat
    10 | D        | Reached skill level 15 in Fighting
    10 | D        | Reached skill level 27 in Axes
    10 | D        | Reached skill level 1 in Armour
    10 | D        | Reached XP level 14. HP: 118/135 MP: 13/13
    10 | D        | Killed a meat berserker
    10 | D        | Reached ** piety under Makhleb
    10 | D        | Reached skill level 27 in Dodging
    10 | D        | Reached XP level 15. HP: 154/154 MP: 14/14
    11 | D        | Killed a meat berserker
    12 | D        | Noticed a meat berserker
    13 | D        | Killed a meat berserker
    13 | D        | Reached skill level 27 in Fighting
    13 | D        | Reached XP level 16. HP: 183/183 MP: 15/15
    15 | D        | Noticed a meat berserker
    15 | D        | Reached *** piety under Makhleb
    15 | D        | Reached skill level 10 in Armour
    16 | D        | Killed a meat berserker
    16 | D        | Reached skill level 27 in Throwing
    16 | D        | Reached XP level 17. HP: 177/191 MP: 16/16
    16 | D        | Killed a meat berserker
    16 | D        | Reached skill level 27 in Armour
    17 | D        | Noticed a meat berserker
    17 | D        | Reached **** piety under Makhleb
    17 | D        | Reached skill level 10 in Invocations
    17 | D        | Reached XP level 18. HP: 200/200 MP: 16/27
    19 | D        | Noticed a meat berserker
    19 | D        | Reached skill level 15 in Unarmed Combat
    19 | D        | Reached skill level 10 in Spellcasting
    19 | D        | Reached skill level 15 in Invocations
    19 | D        | Reached skill level 15 in Stealth
    19 | D        | Reached XP level 19. HP: 207/207 MP: 16/34
    21 | D        | Noticed a meat berserker
    21 | D        | Noticed a meat berserker
    21 | D        | Reached ***** piety under Makhleb
    22 | D        | Noticed a meat berserker
    22 | D        | Reached skill level 15 in Spellcasting
    23 | D        | Noticed a large bag of meat
    23 | D        | Noticed a large bag of meat
    23 | D        | Noticed a destroyer
    24 | D        | Noticed a meat berserker
    24 | D        | Killed a meat berserker
    24 | D        | Reached XP level 20. HP: 216/216 MP: 17/40
    25 | D        | Killed a meat berserker
    26 | D        | Noticed a large bag of meat
    26 | D        | Killed a destroyer
    26 | D        | Reached ****** piety under Makhleb
    26 | D        | Reached skill level 27 in Unarmed Combat
    27 | D        | Killed a meat berserker
    27 | D        | Reached skill level 27 in Invocations
    27 | D        | Reached XP level 21. HP: 224/224 MP: 17/45
    27 | D        | Reached skill level 27 in Stealth
    28 | D        | Killed a large bag of meat
    28 | D        | Reached skill level 27 in Spellcasting
    28 | D        | Reached XP level 22. HP: 233/233 MP: 18/52
    28 | D        | Noticed a destroyer
    30 | D        | Noticed a large bag of meat
    32 | D        | Killed a large bag of meat
    32 | D        | Reached XP level 23. HP: 240/240 MP: 19/53
    32 | D        | Killed a large bag of meat
    34 | D        | Noticed a large bag of meat
    36 | D        | Killed a large bag of meat
    39 | D        | Killed a destroyer
    39 | D        | Reached XP level 24. HP: 249/249 MP: 20/53
    39 | D        | Killed a large bag of meat
    43 | D        | Noticed a destroyer
    44 | D        | Noticed a large bag of meat
    46 | D        | Noticed a tyrant
    46 | D        | Reached XP level 25. HP: 257/257 MP: 22/53
    47 | D        | Noticed a destroyer
    47 | D        | Noticed a tyrant
    48 | D        | Noticed a destroyer
    48 | D        | Killed a large bag of meat
    50 | D        | Noticed a destroyer
    51 | D        | Noticed a destroyer
    51 | D        | Killed a destroyer
    52 | D        | Noticed a destroyer
    52 | D        | Killed a destroyer
    52 | D        | Reached XP level 26. HP: 214/266 MP: 24/53
    55 | D        | Noticed an accursed
    55 | D        | Killed a destroyer
    55 | D        | Reached XP level 27. HP: 273/273 MP: 24/53
    58 | D        | Killed a tyrant
    59 | D        | Noticed a destroyer
    60 | D        | Killed a tyrant
    61 | D        | Killed a destroyer
    63 | D        | Noticed a meat beast
    64 | D        | Killed a destroyer
    65 | D        | Noticed a destroyer
    66 | D        | Noticed a destroyer
    66 | D        | Killed a destroyer
    68 | D        | Killed a meat beast
    69 | D        | Noticed a dread
    69 | D        | Killed a destroyer
    71 | D        | Noticed The Captor
    71 | D        | Noticed a meat beast
    72 | D        | Noticed a destroyer
    72 | D        | Noticed a dread
    72 | D        | Noticed a meat beast
    72 | D        | Noticed a meat beast
    72 | D        | Noticed a large bag of meat
    72 | D        | Killed an accursed
    73 | D        | Killed a destroyer
    75 | D        | Killed a meat beast
    75 | D        | Noticed a destroyer
    77 | D        | Killed a dread
    77 | D        | Killed a dread
    79 | D        | Killed a meat beast
    82 | D        | Noticed a destroyer
    82 | D        | Noticed a meat beast
    82 | D        | Killed The Captor
    84 | D        | Killed a large bag of meat
    85 | D        | Noticed a destroyer
    85 | D        | Killed a meat beast
    87 | D        | Killed a destroyer
    88 | D        | Noticed a meat beast
    88 | D        | Noticed a dread
    88 | D        | Noticed a dread
    88 | D        | Killed a destroyer
    88 | D        | Killed a destroyer
    90 | D        | Killed a meat beast
    91 | D        | Killed a destroyer
    94 | D        | Noticed an accursed
    94 | D        | Noticed an accursed
    95 | D        | Noticed a tyrant
    95 | D        | Noticed a destroyer
    95 | D        | HP: 12/273 [dread (13)]
    96 | D        | Noticed an accursed
    96 | D        | Noticed a dread
    96 | D        | Killed from afar by an accursed

Skill      XL: |  1  2  3  4  5  6  7  8  9 10 11 12 13 14 15 16 17 18 19 20 21 |
---------------+----------------------------------------------------------------+-----
Fighting       | 11 13 14 15 19 27 | 27.0
Axes           | 20 23 25 27 | 27.0
Throwing       | 9 11 12 13 16 24 27 | 27.0
Dodging        | 19 21 23 24 27 | 27.0
Armour         | 1 3 8 22 27 | 27.0
Stealth        | 9 15 21 26 27 | 27.0
Unarmed Combat | 11 18 24 27 | 27.0
Spellcasting   | 7 12 17 21 27 | 27.0
Invocations    | 10 16 22 27 | 27.0

Action                   |  1- 3 |  4- 6 |  7- 9 | 10-12 | 13-15 | 16-18 | 19-21 | 22-24 | 25-27 || total
-------------------------+-------+-------+-------+-------+-------+-------+-------+-------+-------++-------
Melee: Executioner's axe |     1 |       |       |     1 |     3 |     5 |     7 |    14 |    43 ||    74
  Use: Potion            |       |       |       |       |       |       |       |       |     1 ||     1
Armor: Leather armour    |       |       |       |       |       |       |       |       |     3 ||     3
Dodge: Dodged            |       |       |       |       |       |       |     2 |     1 |     2 ||     5
